 Dungeon Crawl Stone Soup version 0.31-a0-1611-g890cdf5628 (webtiles) character file.

Game seed: 7278188417256867706

2464835 oldriver the Conqueror (level 27, 116/199 HPs)
             Began as a Gargoyle Fighter on Jan 9, 2024.
             Was the Champion of Zin.
             Escaped with the Orb
             ... and 4 runes
             ... and 1 gem!
             The game lasted 02:16:13 (68928 turns).

oldriver the Conqueror (Gargoyle Fighter)          Turns: 68928, Time: 02:16:13

Health: 116/199    AC: 72    Str: 38    XL:     27
Magic:  30/30      EV: 13    Int: 13    God:    Zin [******]
Gold:   4584       SH: 18    Dex:  7    Spells: 26/26 levels left

rFire   + + .        a - +7 consecrated labrys {holy, Valiant ^Fragile Fly SInv}
rCold   + + +        r - +5 kite shield of Amelioration {rPois rF+ rC-}
rNeg    + + .        y - +9 gold dragon scales
rPois   ∞            V - +1 helmet of Yrphicuyj {rPois rF- Will++ Regen+}
rElec   +            U - +2 cloak of Least Resistance {Rampage Str+4}
rCorr   +            C - +2 pair of gloves
SInv    +            Y - +2 pair of boots of Gunom {*Corrode rF+ rC++ SInv}
Will    ++++.        B - amulet of Vitality {RegenMP++ Regen++} Stlth
                     c - ring "Umnaupis" {Ice rCorr Str+2 Int+2 Dex-2}
HPRegen 2.93/turn    M - ring of Happiness {rF+ rN+ AC+4}
MPRegen 1.02/turn

%: corrode self (3%), rampage
@: corroded, flying, studying Fire Magic
A: sickness immunity, AC +20, big wings, negative energy resistance 1,
electricity resistance, torment resistance 1, petrification resistance, sturdy
frame 1
0: Orb of Zot
}: 4/15 runes: barnacled, slimy, silver, gossamer
a: Renounce Religion, Recite, Vitalisation, Imprison, Sanctuary, Donate Gold


You escaped.
You worshipped Zin.
Zin was exalted by your worship.
You visited 11 branches of the dungeon, and saw 55 of its levels.
You visited 1 bazaar.
You also visited: Bailey and Wizlab.

You collected 12156 gold pieces.
You spent 7021 gold pieces at shops.
You donated 551 gold pieces to Zin.

Inventory:

Hand Weapons
 a - the +7 consecrated labrys (weapon) {holy, Valiant ^Fragile Fly SInv}
   (You bought it in a shop on level 12 of the Dungeon)

   Valiant:   It becomes more powerful as more dangerous foes come into view.
   SInv:      It lets you see invisible.
   Fly:       It grants you flight.
   ^Fragile:  It will be destroyed if unequipped.
Missiles
 o - 70 boomerangs
 X - 14 silver javelins
Armour
 d - a +1 pair of gloves
 r - the +5 kite shield of Amelioration (worn) {rPois rF+ rC-}
   (You bought it in a shop on level 2 of the Orcish Mines)

   rF+:       It protects you from fire.
   rC-:       It makes you vulnerable to cold.
   rPois:     It protects you from poison
 y - +9 gold dragon scales (worn)
 C - a +2 pair of gloves (worn)
 U - the +2 cloak of Least Resistance (worn) {Rampage Str+4}
   (Okawaru gifted it to you on level 4 of the Lair of Beasts)

   Str+4:     It affects your strength (+4).
   Rampage:   It bestows one free step when moving towards enemies.
 V - the +1 helmet of Yrphicuyj (worn) {rPois rF- Will++ Regen+}
   (You bought it in a shop on level 2 of the Orcish Mines)

   rF-:       It makes you vulnerable to fire.
   rPois:     It protects you from poison Will++: It greatly increases your
   willpower.
   Regen+:    It increases your rate of health regeneration.
 Y - the +2 pair of boots of Gunom (worn) {*Corrode rF+ rC++ SInv}
   (You found it on level 4 of the Spider Nest)

   rF+:       It protects you from fire.
   rC++:      It greatly protects you from cold.
   SInv:      It lets you see invisible.
   *Corrode:  It may corrode you when you take damage.
Jewellery
 c - the ring "Umnaupis" (left hand) {Ice rCorr Str+2 Int+2 Dex-2}
   (You bought it in a shop on level 1 of the Dungeon)

   [ring of ice]

   Ice:       It enhances your ice magic.
   Str+2:     It affects your strength (+2).
   Int+2:     It affects your intelligence (+2).
   Dex-2:     It affects your dexterity (-2).
   rF-:       It makes you vulnerable to fire.
   rC+:       It protects you from cold.
   rCorr:     It protects you from acid and corrosion.
 s - the ring of Qecroola {rF+ rC+ Str-5 Int+3 Dex+3}
   (You found it on level 3 of the Elven Halls)

   [ring of protection from cold]

   Str-5:     It affects your strength (-5).
   Int+3:     It affects your intelligence (+3).
   Dex+3:     It affects your dexterity (+3).
   rF+:       It protects you from fire.
   rC+:       It protects you from cold.
 u - a ring of resist corrosion
 B - the amulet of Vitality (around neck) {RegenMP++ Regen++}
   (You found it on level 3 of the Crypt)

   [amulet of magic regeneration]

   RegenMP:   It increases your rate of magic regeneration.
   Regen++:   It increases your rate of health regeneration.
 K - a ring of ice
 M - the ring of Happiness (right hand) {rF+ rN+ AC+4}
   (You found it on level 9 of the Dungeon)

   [ring of protection]

   AC+4:      It affects your AC (+4).
   rF+:       It protects you from fire.
   rN+:       It protects you from negative energy.
Wands
 b - a wand of flame (22)
 m - a wand of charming (30)
 F - a wand of mindburst (32)
 I - a wand of iceblast (43)
 R - a wand of acid (41)
 W - a wand of digging (21)
Scrolls
 e - 8 scrolls of immolation
 l - 9 scrolls of fog
 q - 39 scrolls of teleportation
 v - 6 scrolls of revelation
 x - 4 scrolls of vulnerability
 D - 12 scrolls of blinking
 G - 5 scrolls of poison
 J - 3 scrolls of silence
 O - 6 scrolls of amnesia
 S - 9 scrolls of fear
Potions
 g - 2 potions of invisibility
 i - 24 potions of curing
 j - 8 potions of might
 k - 12 potions of brilliance
 n - 2 potions of enlightenment
 p - 8 potions of haste
 t - 5 potions of resistance
 w - a potion of attraction
 z - 5 potions of mutation
 A - 12 potions of heal wounds
 E - 3 potions of cancellation
 H - 11 potions of ambrosia
 L - 6 potions of magic
 P - 6 potions of berserk rage
Miscellaneous
 f - a phantom mirror
 h - a lightning rod (4/4)
 T - a tin of tremorstones (2/2)


   Skills:
 O Level 27 Fighting
 - Level 18.0 Axes
 - Level 2.0 Throwing
 O Level 27 Armour
 + Level 17.9 Dodging
 - Level 2.0 Stealth
 + Level 18.9 Shields
 - Level 10.0 Invocations
 - Level 14.0 Evocations


You had 26 spell levels left.
You didn't know any spells.
Your spell library contained the following spells:

 Spells                   Type           Power      Damage    Failure   Level
 Apportation              Tloc           0%         N/A       73%         1
 Foxfire                  Conj/Fire      0%         2x1d4     73%         1
 Freeze                   Ice            0%         1d3       73%         1
 Kiss of Death            Conj/Necr      0%         2d5       73%         1
 Magic Dart               Conj           0%         1d3       73%         1
 Necrotise                Necr           0%         1d4       73%         1
 Shock                    Conj/Air       0%         1d3       73%         1
 Slow                     Hex            0%         N/A       73%         1
 Sting                    Conj/Alch      0%         1d3       73%         1
 Summon Small Mammal      Summ           0%         N/A       73%         1
 Blink                    Tloc           0%         N/A       86%         2
 Call Imp                 Summ           0%         N/A       86%         2
 Jinxbite                 Hex            0%         N/A       86%         2
 Mercury Vapours          Alch/Air       0%         N/A       86%         2
 Momentum Strike          Conj/Tloc      0%         3d8       86%         2
 Call Canine Familiar     Summ           0%         N/A       97%         3
 Confusing Touch          Hex            0%         N/A       97%         3
 Dazzling Flash           Conj/Hex       0%         N/A       97%         3
 Frozen Ramparts          Ice            0%         1d1       97%         3
 Fugue of the Fallen      Necr           0%         N/A       97%         3
 Hailstorm                Conj/Ice       0%         3d5       97%         3
 Inner Flame              Hex/Fire       0%         N/A       97%         3
 Mephitic Cloud           Conj/Alch/Air  0%         N/A       97%         3
 Ozocubu's Armour         Ice            0%         N/A       97%         3
 Sigil of Binding         Hex            0%         N/A       97%         3
 Swiftness                Air            0%         N/A       97%         3
 Tukima's Dance           Hex            0%         N/A       97%         3
 Vampiric Draining        Necr           0%         2d6       97%         3
 Volatile Blastmotes      Fire/Tloc      0%         2d10      97%         3
 Airstrike                Air            0%         2d(0-16)  100%        4
 Brom's Barrelling Bould  Conj/Erth      0%         2d3       100%        4
 Dimensional Bullseye     Hex/Tloc       0%         N/A       100%        4
 Dispel Undead            Necr           0%         3d6       100%        4
 Fulminant Prism          Conj/Alch      0%         3d5       100%        4
 Iskenderun's Mystic Bla  Conj/Tloc      0%         2d3       100%        4
 Leda's Liquefaction      Alch/Erth      0%         N/A       100%        4
 Manifold Assault         Tloc           0%         N/A       100%        4
 Olgreb's Toxic Radiance  Alch           0%         N/A       100%        4
 Summon Blazeheart Golem  Fire/Summ      0%         N/A       100%        4
 Vhi's Electric Charge    Tloc/Air       0%         N/A       100%        4
 Arcjolt                  Conj/Air       0%         1d10      100%        5
 Fireball                 Conj/Fire      0%         3d3       100%        5
 Irradiate                Conj/Alch      0%         3d11      100%        5
 Iskenderun's Battlesphe  Conj           0%         2d6       100%        5
 Lee's Rapid Deconstruct  Erth           0%         3d4*      100%        5
 Metabolic Englaciation   Hex/Ice        0%         N/A       100%        5
 Summon Forest            Summ/Tloc      0%         N/A       100%        5
 Summon Mana Viper        Hex/Summ       0%         N/A       100%        5
 Yara's Violent Unravell  Hex/Alch       0%         3d3       100%        5
 Bombard                  Conj/Erth      0%         9d1       100%        6
 Conjure Ball Lightning   Conj/Air       0%         3x3d6     100%        6
 Plasma Beam              Fire/Air       0%         2x1d10    100%        6
 Sculpt Simulacrum        Ice/Alch       0%         N/A       100%        6
 Starburst                Conj/Fire      0%         6d3       100%        6
 Summon Cactus Giant      Summ           0%         N/A       100%        6
 Enfeeble                 Hex            0%         N/A       100%        7
 Orb of Destruction       Conj           0%         9d5       100%        7
 Ozocubu's Refrigeration  Ice            0%         4d7       100%        7
 Ignition                 Fire           0%         3d3       100%        8
 Lehudib's Crystal Spear  Conj/Erth      0%         10d2      100%        8
 Maxwell's Capacitive Co  Air            0%         ∞         100%        8
 Fire Storm               Conj/Fire      0%         5d1       100%        9


Dungeon Overview and Level Annotations

Branches:
Dungeon (15/15)            Temple (0/1) D:5            Lair (5/5) D:11
 Shoals (4/4) Lair:2       Spider (4/4) Lair:3        Slime (5/5) Lair:5
    Orc (2/2) D:11            Elf (3/3) Orc:2        Vaults (5/5) D:14
  Crypt (3/3) Vaults:2       Tomb (0/3) Crypt:3      Depths (4/4) D:15
    Zot (5/5) Depths:4     Bailey (visited)          WizLab (visited)

Altars:
Ashenzari
Elyvilon
Fedhas
Gozag
Nemelex Xobeh
Okawaru
Qazlal
Ru
Sif Muna
Vehumet
Wu Jian
Xom
Yredelemnul
Zin
The Shining One
Jiyva

Shops:
D:1 =:=*   D:8 [   D:10 *   D:12 :=*(   D:15 !   Orc:1 [   Orc:2 *?=[
Elf:1 !(?[   Elf:2 [   Shoals:2 [   Shoals:3 ?[:   Vaults:4 =!
Vaults:5 !?!?[?[?(   Crypt:1 *   Depths:1 [!*:   Depths:4 (:

Portals:
Hell: Depths:1 Depths:2 Depths:3 Depths:4
Abyss: Depths:2 Depths:3 Depths:4
Pandemonium: Depths:2
Ziggurat: Depths:2
Bazaar: Vaults:4

Annotations:
D:5 exclusion: statue
D:7 1 runed translucent door, Crazy Yiuf
Lair:3 2 transporters, Sitazake's ghost, journeyman TrWr
Elf:2 3 runed translucent doors
Crypt:1 3 runed translucent doors, exclusion: obsidian statue, Viul Aps's ghost, veteran FoFi
Depths:3 exclusion: ice statue


Innate Abilities, Weirdness & Mutations

You are immune to sickness and miasma.
Your stone body is resilient. (AC +20)
You are immune to poison.
Your large and strong wings let you fly.
You resist negative energy. (rN+)
You are resistant to electric shocks. (rElec)
You are resistant to unholy torment.
You are immune to petrification.
Your movements are slightly less encumbered by armour. (ER -2)


Message History

The ancient lich is almost destroyed.
The ancient lich mumbles some strange words.
The ancient lich flickers and vanishes for a moment.
You slash the ancient lich!
You destroy the ancient lich!
Zin accepts your kill.
What level of the Dungeon? (default 1, ? - help)
There is a stone staircase leading up here.
You fly upwards.
There is a stone staircase leading down here.
There is a stone staircase leading up here.
You fly upwards.
There is a stone staircase leading down here.
Done exploring.
Done exploring.
Done exploring.
Done exploring.
Done exploring.
A daeva comes into view.
It is wielding a +3 scimitar of holy wrath.
The daeva calls down the wrath of the Shining One upon you.
The Shining One smites you!
A hellion comes into view.
The hellion gestures at you.
The sphere of damnation explodes!
The damnation engulfs you!! The hellion gestures at you.
The sphere of damnation explodes!
The damnation engulfs you!!
The daeva calls down the wrath of the Shining One upon you.
The Shining One smites you!
Your corrosive artefact corrodes you!
You reach down and open the door.
The hellion gestures at you.
The sphere of damnation explodes!
The damnation engulfs you!!
There is an open door here.
A hellion breaks down the door.
A hellion opens the door.
There is a staircase leading out of the dungeon here.
The daeva calls down the wrath of the Shining One upon you.
The Shining One smites you! The hellion gestures at you.
The sphere of damnation explodes!
The damnation engulfs you!!
You have escaped!

#...............#............##..
#...#.####.[....#............##..
#...#.## #......#...)..........##
##'#...# ######.#..##........#.##
.......# #.......#............
.......######.++++++#............
............#.+....2.............
÷.............+....'.........#...
..............+.@..'..A......#...
..............+....+.........#...
....##....#.#.+++'+'##########...
....##....#.#...........[....'...
....##....#.#######.##...#####...
....##....#.####....##...# #...
....##...##....≈≈........# #...
##.###........≈∩≈........#####...
.....#........≈≈≈.#............##


You could see a daeva and a hellion.

Vanquished Creatures
  the Royal Jelly (Slime:5)
  A pandemonium lord (D:3)
  3 dread liches
  8 ancient liches
  8 orbs of fire (Zot:5)
  2 juggernauts (Depths:3)
  Xtahua (Crypt:2)
  Vv (Depths:4)
  Boris (Crypt:1)
  Bai Suzhen (Crypt:2)
  6 Killer Klowns
  5 curse toes
  Saint Roka (Vaults:1)
  3 caustic shrikes (Depths:3)
  Nikola (Shoals:1)
  5 golden dragons
  A bone dragon (Depths:4)
  Arachne (Spider:3)
  3 electric golems
  16 tentacled monstrosities
  25 Orb Guardians
  A walking earthen tome (WizLab)
  A walking crystal tome (Depths:4)
  3 walking frostbound tomes
  6 deep elf master archers
  8 deep elf blademasters
  6 quicksilver dragons
  19 titans (Vaults:5)
  21 acid blobs
  11 ancient champions
  11 sphinxes
  5 tengu reavers
  11 shadow dragons
  22 storm dragons
  8 death cobs
  5 protean progenitors
  2 strange machines (WizLab)
  Aizul (Elf:3)
  14 rockslimes
  Donald (Elf:3)
  3 revenants
  5 draconian knights
  16 fire giants
  4 draconian scorchers
  5 draconian monks
  6 deep elf sorcerers
  12 vault wardens
  20 frost giants
  4 draconian shifters
  6 azure jellies
  7 ghost moths
  4 emperor scorpions
  3 iron dragons
  20 ghouls
  2 curse skulls (Crypt:3)
  A balrug (Depths:3)
  6 deep elf elementalists
  16 quicksilver oozes
  3 draconian stormcallers
  A spriggan defender (Depths:3)
  4 orc warlords
  A draconian annihilator (Zot:3)
  2 reapers
  19 ironbound preservers
  7 very ugly things
  24 stone giants
  6 formless jellyfish
  2 broodmothers (Zot:1)
  6 deep elf death magi (Elf:3)
  6 ironbound thunderhulks
  14 black draconians
  5 vampire knights
  12 white draconians
  10 dire elephants
  8 green draconians
  11 red draconians
  13 spark wasps
  8 yellow draconians
  6 deep elf annihilators
  4 deep elf demonologists
  7 war gargoyles
  Azrael (D:12)
  14 purple draconians
  A spark wasp (shapeshifter) (Depths:4)
  2 blizzard demons
  4 eidola
  8 merfolk javelineers (Shoals:4)
  13 ettins
  2 crystal guardians
  7 entropy weavers
  7 fire dragons
  4 merfolk impalers
  Josephine (Lair:5)
  17 yaktaur captains
  10 deep elf high priests
  13 great orbs of eyes
  14 rakshasas
  6 jiangshi
  29 vault guards
  4 radroaches
  Erolcha (Orc:1)
  3 ghost crabs (Lair:4)
  Harold (Orc:1)
  The ghost of Dute the Blocker, a journeyman FoFi of Cheibriados (D:13)
  2 catoblepae
  A caustic shrike simulacrum (Depths:1)
  4 spriggan air magi
  2 peacekeepers
  An alligator snapping turtle (Shoals:4)
  2 merfolk avatars (Shoals:4)
  3 ogre magi
  5 ice dragons
  7 centaur warriors
  7 hydras
  3 jorogumos
  2 death knights
  26 dancing weapons
  14 boulder beetles
  8 ironbound frosthearts
  3 deep troll shamans
  18 tengu warriors
  5 merfolk aquamancers
  9 satyrs
  5 two-headed ogres
  An Orb Guardian skeleton (Crypt:2)
  6 vampire magi
  4 hell hogs (Depths:3)
  6 deep troll earth magi
  A death scarab (Spider:4)
  3 occultists
  12 demonic crawlers
  10 spriggan berserkers (Depths:3)
  3 orc high priests
  20 deep elf knights
  7 iron trolls
  3 sun demons (Depths:3)
  9 soul eaters
  16 hell knights
  47 skeletal warriors
  A sixfirhy (Depths:2)
  6 fire crabs (Lair:4)
  4 shadow wraiths
  6 skysharks
  12 pharaoh ants
  2 quicksilver dragon simulacra (Depths:3)
  4 glowing orange brains
  An orb spider (shapeshifter) (Vaults:5)
  55 deep trolls
  6 flayed ghosts
  A shadow demon (Depths:4)
  A deep troll (shapeshifter) (Depths:4)
  An orb spider (Spider:4)
  8 arcanists
  3 bog bodies
  6 sea snakes
  A mana viper (shapeshifter) (Vaults:5)
  A sun moth (Spider:4)
  A ghost moth zombie (Crypt:1)
  14 deep elf archers
  7 phantasmal warriors
  A wolf spider zombie (Crypt:1)
  21 ironbound convokers
  18 lindwurms
  28 deep elf pyromancers
  12 steelbarb worms
  22 deep elf zephyrmancers
  10 orc knights
  An obsidian statue (Vaults:1)
  A frost giant zombie (Crypt:3)
  A golden dragon skeleton (Depths:1)
  11 harpies
  5 necromancers
  A fire giant zombie (Vaults:5)
  6 shining eyes
  An iron dragon zombie (Vaults:5)
  18 fauns
  7 orc sorcerers
  A stone giant zombie (Vaults:5)
  18 wolf spiders
  13 manticores
  A cyclops (shapeshifter) (D:14)
  A shining eye (shapeshifter) (Vaults:5)
  30 ugly things
  4 salamanders (Zot:5)
  24 moths of wrath
  6 black mambas
  An alligator skeleton (Crypt:2)
  8 cyclopes
  7 meliai
  4 kobold blastminers
  An ice statue (Vaults:1)
  2 water nymphs (Shoals:3)
  3 merfolk sirens
  An apocalypse crab (Lair:4)
  15 elephants
  4 torpor snails
  10 cane toads
  3 water nymphs (shapeshifter) (Vaults:5)
  3 orange demons (Orc:1)
  4 eyes of devastation
  22 vault sentinels
  A rime drake (shapeshifter) (D:14)
  A pale draconian zombie (Crypt:2)
  3 unseen horrors
  2 rime drakes
  A storm dragon simulacrum (Depths:1)
  10 komodo dragons
  A steelbarb worm zombie (Crypt:1)
  Maggie (D:8)
  8 freezing wraiths
  An iron troll zombie (Crypt:3)
  6 tengu conjurers
  24 yaktaurs
  2 ice devils (Depths:3)
  An efreet (D:13)
  4 trolls
  A spriggan skeleton (Depths:1)
  A black draconian skeleton (Crypt:3)
  7 hornets
  6 polar bears
  25 merfolk
  A hellwing (D:9)
  A raiju (shapeshifter) (Elf:2)
  4 wind drakes
  15 tarantellas
  A death drake zombie (Crypt:3)
  4 snapping turtles
  Grinder (D:6)
  21 blink frogs
  A death drake skeleton (Crypt:2)
  A harpy skeleton (Crypt:1)
  A guardian serpent zombie (Crypt:1)
  A glass eye (Slime:5)
  2 meliai zombies (Crypt:3)
  19 jumping spiders
  18 dream sheep
  14 spriggans
  11 wraiths
  20 culicivoras
  A shadow (D:12)
  6 water elementals
  2 air elementals
  9 wyverns
  86 slime creatures
  A warg (shapeshifter) (D:13)
  31 yaks
  6 golden eyes
  A satyr skeleton (Crypt:2)
  4 fire elementals (D:12)
  A yak (shapeshifter) (Vaults:5)
  A warg (D:11)
  A steam dragon (Lair:2)
  8 vampire mosquitoes
  41 redbacks
  4 basilisks
  Menkaure (D:5)
  Edmund (D:4)
  A glowing shapeshifter zombie (Vaults:5)
  A deep troll zombie (Crypt:1)
  An acid dragon (D:11)
  16 water moccasins
  3 hell hounds (D:12)
  2 human skeletons
  27 orc warriors
  2 ice beasts
  3 ettin simulacra (Depths:3)
  A sky beast (D:8)
  3 black bears
  41 laughing skulls
  4 boggarts (Lair:5)
  20 centaurs
  32 wolves (Lair:5)
  6 ogres
  A dream sheep skeleton (Crypt:1)
  A torpor snail zombie (Crypt:3)
  A kobold brigand (D:8)
  A vine stalker zombie (Crypt:2)
  A komodo dragon zombie (Crypt:3)
  6 necrophages
  13 bullfrogs
  A gnoll sergeant (D:4)
  8 scorpions
  An earth elemental (Elf:2)
  A draconian skeleton (Crypt:2)
  10 wights
  11 killer bees
  2 electric eels (Spider:2)
  A polar bear skeleton (Crypt:2)
  A vampire bat (Lair:3)
  12 howler monkeys
  A bombardier beetle (D:7)
  A jelly (D:6)
  A black bear zombie (Crypt:1)
  A bullfrog skeleton (Crypt:1)
  2 gnoll boudas
  3 hounds
  25 orc priests
  Jessica (D:1)
  A black bear skeleton (Crypt:2)
  4 hell rats (Lair:3)
  Natasha (twice) (D:2)
  2 iguanas
  46 orc wizards
  3 adders
  21 gnolls
  2 shadow imps
  3 white imps
  2 ufetubi (D:6)
  An adder zombie (Crypt:3)
  An adder skeleton (Crypt:2)
  4 dart slugs
  6 ribbon worms
  74 orcs
  5 ball pythons
  4 endoplasms
  4 giant cockroaches
  16 goblins
  11 hobgoblins
  7 jackals
  8 kobolds
  3 quokkas
  10 bats
  8 frilled lizards
  A jackal skeleton (Crypt:1)
  A kobold zombie (Crypt:3)
  2 rats
  A river rat skeleton (Crypt:1)
2468 creatures vanquished.

Vanquished Creatures (others)
  2 draconian knights
  A frost giant (Zot:2)
  2 ghost moths (Zot:2)
  A formless jellyfish (Vaults:2)
  2 deep elf zephyrmancers
  A merfolk (Shoals:1)
  A wind drake (Shoals:1)
  A bloated husk (Crypt:1)
  An orc warrior (Vaults:5)
  An orc wizard (Orc:2)
  2 orcs (Vaults:5)
15 creatures vanquished.

Grand Total: 2483 creatures vanquished

Notes
Turn   | Place    | Note
-------+----------+-------------------------------------------
     0 | D:1      | oldriver the Gargoyle Fighter began the quest for the Orb.
     0 | D:1      | Reached XP level 1. HP: 14/14 MP: 1/1
     9 | D:1      | Found Wiluuwn's Assorted Antiques.
    90 | D:1      | Found Xatistro's Jewellery Emporium.
   167 | D:1      | Found Wehecelurgh's Book Shoppe.
   181 | D:1      | Reached XP level 2. HP: 16/19 MP: 2/2
   327 | D:1      | Found Xatuumargh's Jewellery Boutique.
   492 | D:1      | Found a faded altar of an unknown god.
   498 | D:1      | Reached XP level 3. HP: 22/24 MP: 3/3
  1103 | D:2      | Noticed Jessica
  1159 | D:1      | Killed Jessica
  1160 | D:1      | Reached XP level 4. HP: 25/29 MP: 4/4
  1199 | D:2      | Noticed Natasha
  1208 | D:2      | Killed Natasha
  1378 | D:2      | Noticed Natasha
  1385 | D:2      | Killed Natasha
  1386 | D:2      | Reached XP level 5. HP: 22/34 MP: 5/5
  2703 | D:4      | Found a sacrificial altar of Ru.
  2753 | D:4      | Found a glowing silver altar of Zin.
  2775 | D:4      | Reached XP level 6. HP: 33/40 MP: 6/6
  2777 | D:4      | Found an opulent altar of Gozag.
  2813 | D:4      | Reached skill level 5 in Fighting
  3218 | D:5      | Entered Level 5 of the Dungeon
  3257 | D:5      | Found a radiant altar of Vehumet.
  3277 | D:5      | Noticed Menkaure
  3293 | D:5      | Killed Menkaure
  3294 | D:5      | Reached skill level 5 in Axes
  3430 | D:5      | Found an iron altar of Okawaru.
  3455 | D:5      | Noticed Edmund
  3648 | D:2      | Reached XP level 7. HP: 34/44 MP: 7/7
  4441 | D:5      | Became a worshipper of Warmaster Okawaru
  4570 | D:5      | Found a staircase to the Ecumenical Temple.
  4900 | D:6      | Noticed Grinder
  4902 | D:6      | Paralysed by Grinder for 4 turns
  4909 | D:6      | Paralysed by Grinder for 4 turns
  4916 | D:6      | Paralysed by Grinder for 3 turns
  4923 | D:6      | Killed Grinder
  4924 | D:6      | Reached skill level 1 in Dodging
  4924 | D:6      | Reached XP level 8. HP: 29/51 MP: 8/8
  5179 | D:6      | Reached skill level 1 in Throwing
  5214 | D:6      | Reached * piety under Okawaru
  5291 | D:6      | Identified the ring "Fuock" {rN+ Str-2 Dex+4 Slay+4 Stlth+}
  6459 | D:7      | Reached ** piety under Okawaru
  6460 | D:7      | Reached XP level 9. HP: 53/57 MP: 9/9
  6882 | D:7      | Reached skill level 1 in Invocations
  7001 | D:7      | Found a glowing golden altar of the Shining One.
  7071 | D:7      | Reached *** piety under Okawaru
  7195 | D:7      | Found a runed translucent door.
  7196 | D:7      | Noticed Crazy Yiuf
  7322 | D:7      | Identified the +1 leather armour "Inkaxi" {Str+5 Int-3
                  | Dex+2 SInv}
  7622 | D:8      | Found Beovoih's Antique Armour Shop.
  7697 | D:8      | Reached XP level 10. HP: 51/65 MP: 10/12
  7834 | D:8      | Reached skill level 10 in Axes
  7856 | D:8      | Noticed Maggie
  7868 | D:8      | Killed Maggie
  8108 | D:9      | Reached **** piety under Okawaru
  8410 | D:9      | Noticed a two-headed ogre
  8418 | D:9      | Killed a two-headed ogre
  8462 | D:9      | Identified the ring of Happiness {rF+ rN+ AC+4}
  8727 | D:4      | Killed Edmund
  8798 | D:1      | Bought a pair of gloves for 139 gold pieces
  8798 | D:1      | Bought a scroll labelled FIH OFYEZXEIJ for 31 gold pieces
  9056 | D:8      | Bought a runed chain mail for 195 gold pieces
  9110 | D:9      | Found a shimmering blue altar of Sif Muna.
  9110 | D:9      | Found a stormy altar of Qazlal.
  9118 | D:9      | Reached skill level 10 in Fighting
  9124 | D:9      | Reached ***** piety under Okawaru
  9152 | D:9      | Received a gift from Okawaru
  9153 | D:9      | Reached XP level 11. HP: 73/73 MP: 14/14
  9157 | D:9      | Found a faded altar of an unknown god.
  9159 | D:9      | Found an ornate altar of the Wu Jian Council.
  9161 | D:9      | Found a white marble altar of Elyvilon.
  9328 | D:10     | Entered Level 10 of the Dungeon
  9398 | D:10     | Found a flagged portal.
  9420 | Bailey   | Entered a bailey
  9665 | Bailey   | Noticed an orc warlord
  9767 | Bailey   | Identified the +7 plate armour "Sidiesmi" {Fly rF+}
  9781 | Bailey   | Killed an orc warlord
 10024 | D:10     | Found Hoirupnaof's Assorted Antiques.
 10166 | D:10     | You are sucked into a shaft and drop 1 floor!
 10180 | D:11     | Identified the +8 quarterstaff of Wiod {elec, Will++}
 10300 | D:11     | Received a gift from Okawaru
 10490 | D:11     | Found a staircase to the Orcish Mines.
 10639 | D:11     | Reached skill level 5 in Armour
 10666 | D:11     | Found a staircase to the Lair.
 10905 | D:11     | Reached skill level 5 in Shields
 11028 | D:12     | Found Qonar's Jewellery Shoppe.
 11123 | D:12     | Found Mullaup's Antique Armour Emporium.
 11188 | D:12     | Noticed a cyclops
 11205 | D:12     | Reached XP level 12. HP: 80/80 MP: 13/15
 11352 | D:12     | Noticed Azrael
 11374 | D:12     | Killed Azrael
 11374 | D:12     | Received a gift from Okawaru
 11501 | D:12     | Noticed a two-headed ogre
 11507 | D:12     | Killed a two-headed ogre
 11619 | D:12     | Noticed a boulder beetle
 11646 | D:12     | Killed a boulder beetle
 11670 | D:12     | Found Aschaoci's Weapon Shop.
 11720 | D:12     | Found Feweijur's Assorted Antiques.
 11954 | D:12     | Found Xapheril's Book Shop.
 12065 | Lair:1   | Entered Level 1 of the Lair of Beasts
 12521 | Lair:1   | Received a gift from Okawaru
 12949 | Lair:2   | Reached XP level 13. HP: 90/90 MP: 16/16
 12970 | Lair:2   | Found a staircase to the Shoals.
 13446 | D:10     | Reached skill level 15 in Fighting
 13571 | D:10     | Received a gift from Okawaru
 13807 | D:8      | Bought a runed helmet for 195 gold pieces
 14225 | Lair:2   | Reached skill level 1 in Stealth
 14428 | Lair:1   | Reached skill level 1 in Evocations
 14580 | Lair:3   | Found a transporter.
 14583 | Lair:3   | Noticed Sitazake's ghost (journeyman TrWr)
 14673 | Lair:3   | Received a gift from Okawaru
 14706 | Lair:3   | Reached skill level 5 in Invocations
 14921 | Lair:3   | Found a hole to the Spider Nest.
 15013 | Lair:3   | Found a transporter.
 15281 | Lair:4   | Found a runed translucent door.
 15307 | Lair:4   | Found a sparkling altar of Nemelex Xobeh.
 15409 | Lair:4   | Reached ****** piety under Okawaru
 15410 | Lair:4   | Received a gift from Okawaru
 15564 | Lair:4   | Gained mutation: Your large and strong wings let you fly.
                  | [Gargoyle growth]
 15564 | Lair:4   | Reached XP level 14. HP: 82/99 MP: 18/18
 15657 | Lair:4   | Received a gift from Okawaru
 16205 | Lair:4   | Reached skill level 5 in Dodging
 16352 | Lair:4   | Acquired the +2 cloak of Least Resistance {Rampage Str+4}
 16352 | Lair:4   | Received a gift from Okawaru
 16359 | Lair:4   | Acquired a +0 demon whip of flaming
 16359 | Lair:4   | Received a gift from Okawaru
 16937 | Lair:5   | Entered Level 5 of the Lair of Beasts
 16955 | Lair:5   | Received a gift from Okawaru
 17038 | Lair:5   | Noticed Josephine
 17046 | Lair:5   | Killed Josephine
 17325 | Lair:5   | Received a gift from Okawaru
 17326 | Lair:5   | Reached skill level 10 in Armour
 17609 | Lair:5   | Reached XP level 15. HP: 107/107 MP: 21/21
 17749 | Lair:5   | Found a viscous altar of Jiyva.
 17749 | Lair:5   | Found a staircase to the Slime Pits.
 17810 | Lair:4   | Received a gift from Okawaru
 18362 | Orc:1    | Entered Level 1 of the Orcish Mines
 18362 | Orc:1    | Noticed Erolcha
 18366 | Orc:1    | Killed Erolcha
 18466 | Orc:1    | Found Selu's Antique Armour Boutique.
 18509 | Orc:1    | Bought a pair of glowing gloves for 217 gold pieces
 18669 | Orc:1    | You are sucked into a shaft and drop 1 floor!
 18669 | Orc:2    | Entered Level 2 of the Orcish Mines
 18669 | Orc:2    | Found an iron altar of Okawaru.
 18785 | Orc:2    | Received a gift from Okawaru
 19006 | Orc:2    | Found a staircase to the Elven Halls.
 19045 | Orc:1    | Noticed Harold
 19057 | Orc:1    | Killed Harold
 19728 | Orc:2    | Found Vashese's Assorted Antiques.
 19729 | Orc:2    | Found Axunuoz's Jewellery Shoppe.
 19730 | Orc:2    | Found Hiliamia's Armour Shoppe.
 19761 | Orc:2    | Found Mirphe Dusm's Magic Scroll Emporium.
 19770 | Orc:2    | Noticed an orc warlord
 19804 | Orc:2    | Killed an orc warlord
 19825 | Orc:2    | Bought a masterwork kite shield for 380 gold pieces
 19825 | Orc:2    | Identified the +5 kite shield of Amelioration {rPois rF+
                  | rC-} (You bought it in a shop on level 2 of the Orcish
                  | Mines)
 19949 | Orc:2    | Paralysed by an orc sorcerer for 2 turns
 20235 | Orc:2    | Bought the +1 helmet of Yrphicuyj {rPois rF- Will++ Regen+}
                  | for 360 gold pieces
 20260 | Orc:2    | Reached XP level 16. HP: 114/114 MP: 22/22
 20669 | D:13     | Noticed a shadow dragon
 20688 | D:13     | Received a gift from Okawaru
 20726 | D:13     | Killed a shadow dragon
 20950 | D:13     | Found a runed translucent door.
 20951 | D:13     | Found a shimmering altar of Xom.
 20951 | D:13     | Noticed Dute's ghost (journeyman FoFi)
 21524 | D:14     | Received a gift from Okawaru
 21762 | D:14     | Reached XP level 17. HP: 108/120 MP: 23/23
 21955 | D:14     | Found a gate to the Vaults.
 22016 | D:15     | Entered Level 15 of the Dungeon
 22151 | D:15     | Found Vemume's Distillery.
 22274 | D:15     | Reached skill level 15 in Axes
 22640 | D:15     | Received a gift from Okawaru
 23012 | D:15     | Found a staircase to the Depths.
 23388 | Shoals:1 | Entered Level 1 of the Shoals
 23388 | Shoals:1 | Noticed Nikola
 23409 | Shoals:1 | Killed Nikola
 23632 | D:12     | Bought the +4 consecrated labrys {holy, Valiant ^Fragile
                  | Fly SInv} for 1047 gold pieces
 23632 | D:12     | Found the +4 consecrated labrys {holy, Valiant ^Fragile Fly
                  | SInv}
 23845 | Shoals:1 | Reached skill level 10 in Invocations
 24737 | Shoals:2 | Found Ekhlur Heud's Antique Armour Emporium.
 24745 | Shoals:2 | Bought an embroidered cloak for 210 gold pieces
 24770 | Shoals:2 | Received a gift from Okawaru
 25214 | Shoals:3 | Found Vurreisk's Magic Scroll Shoppe.
 25287 | Shoals:3 | Found Leting's Antique Armour Boutique.
 25324 | Shoals:3 | Found Qyviumm's Book Shoppe.
 25924 | Shoals:4 | Entered Level 4 of the Shoals
 26217 | Shoals:3 | Received a gift from Okawaru
 26507 | Shoals:4 | Reached XP level 18. HP: 118/129 MP: 25/25
 26539 | Shoals:4 | Reached skill level 15 in Armour
 26591 | Shoals:4 | Received a gift from Okawaru
 27044 | Shoals:4 | Got an azure gem
 27046 | Shoals:4 | Got a barnacled rune of Zot
 27894 | Spider:1 | Entered Level 1 of the Spider Nest
 27895 | Spider:1 | Identified a scroll of acquirement
 27896 | Spider:1 | Acquired 442 gold pieces
 27916 | Spider:1 | Received a gift from Okawaru
 28950 | Spider:1 | Received a gift from Okawaru
 29470 | Spider:2 | Reached skill level 5 in Evocations
 29953 | Spider:2 | Received a gift from Okawaru
 30255 | Spider:3 | Got the Grimoire of Locality
 30268 | Spider:3 | Reached XP level 19. HP: 136/136 MP: 26/26
 30348 | Spider:3 | Noticed Arachne
 30379 | Spider:3 | Killed Arachne
 31540 | Spider:4 | Entered Level 4 of the Spider Nest
 31586 | Spider:4 | Received a gift from Okawaru
 32410 | Spider:4 | Received a gift from Okawaru
 32438 | Spider:4 | Got a gossamer rune of Zot
 32451 | Spider:4 | Identified the +2 pair of boots of Gunom {*Corrode rF+ rC++
                  | SInv}
 32863 | D:13     | Killed Dute's ghost
 32865 | D:13     | Identified the ring "Horek" {Wiz Will+ Dex+4}
 33779 | Depths:1 | Entered Level 1 of the Depths
 33850 | Vaults:1 | Entered Level 1 of the Vaults
 34187 | Vaults:1 | Noticed Saint Roka
 34208 | Vaults:1 | Killed Saint Roka
 34417 | Vaults:1 | Received a gift from Okawaru
 34473 | Vaults:1 | Reached XP level 20. HP: 144/144 MP: 27/27
 34911 | Vaults:1 | Found a gateway to a bazaar.
 34920 | Bazaar   | Entered a bazaar
 34939 | Bazaar   | Found Guplaup's Antique Weapon Shoppe.
 34948 | Bazaar   | Found Soyphor's General Store.
 34956 | Bazaar   | Found Nurow's Weapon Emporium.
 34964 | Bazaar   | Found Beduiqax's Assorted Antiques.
 34972 | Bazaar   | Bought a potion of curing for 42 gold pieces
 34988 | Bazaar   | Bought a potion of curing for 27 gold pieces
 34988 | Bazaar   | Bought a potion of heal wounds for 45 gold pieces
 34988 | Bazaar   | Bought a potion of curing for 27 gold pieces
 35585 | D:1      | Bought the ring "Umnaupis" {Ice rCorr Str+2 Int+2 Dex-2}
                  | for 418 gold pieces
 36001 | Vaults:2 | Received a gift from Okawaru
 36320 | Vaults:2 | Found a staircase to the Crypt.
 36476 | Vaults:2 | Received a gift from Okawaru
 37322 | Vaults:3 | Received a gift from Okawaru
 37338 | Vaults:3 | Reached skill level 10 in Shields
 37768 | Vaults:3 | Reached XP level 21. HP: 151/151 MP: 28/28
 37791 | Vaults:3 | Received a gift from Okawaru
 38657 | Vaults:4 | Received a gift from Okawaru
 38721 | Vaults:4 | Found Saheuv's Jewellery Boutique.
 39133 | Vaults:4 | Received a gift from Okawaru
 39271 | Vaults:4 | Found Deosool's Distillery.
 39408 | Vaults:4 | Found a gateway to a bazaar.
 39974 | Depths:1 | Found Vaedde Byegh's Distillery.
 40067 | Depths:1 | Found Zerawuyt's Antique Armour Boutique.
 40074 | Depths:1 | Bought a bloodstained chain mail for 304 gold pieces
 40074 | Depths:1 | Identified the +0 chain mail of Loifinuk {rElec rC- Dex+3
                  | Slay+2} (You bought it in a shop on level 1 of the Depths)
 40155 | Depths:1 | Received a gift from Okawaru
 40249 | Depths:1 | Found a stormy altar of Qazlal.
 40480 | Depths:1 | Found a gateway to Hell.
 40504 | Depths:1 | Identified the +1 whip of Qocid {antimagic, Fly rPois rC++
                  | rCorr}
 40510 | Depths:1 | Found Fiugem's General Store.
 40517 | Depths:1 | Bought a scroll of enchant armour for 120 gold pieces
 40517 | Depths:1 | Bought a scroll of fear for 64 gold pieces
 40517 | Depths:1 | Bought 2 potions of heal wounds for 160 gold pieces
 40639 | Depths:1 | Found Boaf's Book Shop.
 40874 | Depths:1 | Reached XP level 22. HP: 159/161 MP: 29/29
 40890 | Depths:1 | Identified the staff "Akairak" {Str+5 Int-5 Earth}
 40891 | Depths:1 | Identified the +11 quarterstaff "Covetew" {vamp, rPois}
 40954 | Depths:2 | Found a one-way gate to the infinite horrors of the Abyss.
 40962 | Depths:2 | Received a gift from Okawaru
 41203 | Depths:2 | Found a one-way gate leading to the halls of Pandemonium.
 41304 | Depths:2 | Found a one-way gateway to a ziggurat.
 41304 | Depths:2 | Noticed a dread lich
 41698 | Depths:2 | Found a blossoming altar of Fedhas.
 41997 | Depths:3 | Found a sparkling altar of Nemelex Xobeh.
 42073 | Depths:3 | Found a blossoming altar of Fedhas.
 42084 | Depths:3 | Noticed a caustic shrike
 42107 | Depths:3 | Received a gift from Okawaru
 42111 | Depths:3 | Killed a caustic shrike
 42279 | Depths:2 | Killed a dread lich
 42446 | Elf:1    | Entered Level 1 of the Elven Halls
 42790 | Elf:1    | Received a gift from Okawaru
 42879 | Elf:1    | Paralysed by an air elemental for 1 turns
 42981 | Elf:1    | Found Zuamiyle's Antique Weapon Shop.
 42984 | Elf:1    | Found Oxipa's Magic Scroll Shoppe.
 42989 | Elf:1    | Bought a scroll of blinking for 90 gold pieces
 42989 | Elf:1    | Bought a scroll of blinking for 90 gold pieces
 42989 | Elf:1    | Bought a scroll of blinking for 90 gold pieces
 43120 | Elf:1    | Found Tuluik's Armour Shoppe.
 43262 | Elf:1    | Got the Annotations on Fever and the Hornet
 43328 | Elf:1    | Found Meaw's Distillery.
 43336 | Elf:1    | Bought a potion of heal wounds for 80 gold pieces
 43336 | Elf:1    | Bought a potion of heal wounds for 80 gold pieces
 43485 | Elf:2    | Paralysed by an air elemental for 1 turns
 43617 | Elf:2    | Found a magical portal.
 43645 | WizLab   | Entered Tukima's Studio
 43798 | WizLab   | Identified the +3 triple crossbow of Guwnighi {penet,
                  | Dex+4}
 43919 | WizLab   | Noticed oldriver's illusion
 44053 | WizLab   | Noticed oldriver's illusion
 44191 | WizLab   | Noticed oldriver's illusion
 44202 | WizLab   | Identified the +0 hat "Lexuahij" {Harm Will+}
 44572 | Elf:2    | Found Pinkez's Antique Armour Shoppe.
 44673 | Elf:2    | Received a gift from Okawaru
 44826 | Elf:2    | Reached skill level 10 in Dodging
 44851 | Elf:2    | Found a runed translucent gate.
 44852 | Elf:2    | Found a runed translucent gate.
 44852 | Elf:2    | Found a runed translucent gate.
 45018 | Elf:2    | Bought a glowing scarf for 328 gold pieces
 45056 | Elf:3    | Entered Level 3 of the Elven Halls
 45071 | Elf:3    | Noticed Donald
 45083 | Elf:3    | Killed Donald
 45087 | Elf:3    | Identified the serpent talisman "Qeoneot" {Str+2}
 45087 | Elf:3    | Noticed Aizul
 45107 | Elf:3    | Killed Aizul
 45664 | Elf:2    | Reached XP level 23. HP: 168/168 MP: 30/30
 45707 | Elf:3    | Received a gift from Okawaru
 45870 | Elf:3    | Identified the +6 morningstar "Bung" {protect, Fly Dex+3}
 46330 | Elf:3    | Identified the ring of Qecroola {rF+ rC+ Str-5 Int+3 Dex+3}
 46340 | Elf:3    | Identified the +9 falchion of Understanding {drain, ^Drain
                  | rPois rC+}
 46655 | Depths:1 | Bought a potion of mutation for 168 gold pieces
 46900 | D:1      | Bought a scroll of teleportation for 93 gold pieces
 46900 | D:1      | Bought a scroll of teleportation for 93 gold pieces
 46900 | D:1      | Bought a potion of mutation for 248 gold pieces
 46900 | D:1      | Bought a scroll of blinking for 232 gold pieces
 46905 | D:1      | Gained mutation: You occasionally shout uncontrollably at
                  | your foes. [potion of mutation]
 46905 | D:1      | Gained mutation: Potions are less effective at restoring
                  | your health. [potion of mutation]
 46905 | D:1      | Gained mutation: You have a pair of small horns on your
                  | head. [potion of mutation]
 46906 | D:1      | Lost mutation: You occasionally shout uncontrollably at
                  | your foes. [potion of mutation]
 46906 | D:1      | Lost mutation: You have a pair of small horns on your head.
                  | [potion of mutation]
 46906 | D:1      | Gained mutation: You are weak. (Str -2) [potion of
                  | mutation]
 46906 | D:1      | Lost mutation: Potions are less effective at restoring your
                  | health. [potion of mutation]
 46906 | D:1      | Gained mutation: You have large cloven feet. [potion of
                  | mutation]
 46907 | D:1      | Lost mutation: You are weak. (Str -2) [potion of mutation]
 46907 | D:1      | Lost mutation: You have large cloven feet. [potion of
                  | mutation]
 46907 | D:1      | Gained mutation: You are strong-willed. (Will+) [potion of
                  | mutation]
 46908 | D:1      | Lost mutation: You are strong-willed. (Will+) [potion of
                  | mutation]
 46908 | D:1      | Gained mutation: Your movements are slightly less
                  | encumbered by armour. (ER -2) [potion of mutation]
 46908 | D:1      | Gained mutation: You have supernaturally acute eyesight.
                  | (SInv) [potion of mutation]
 46908 | D:1      | Gained mutation: Your spells are a little harder to cast,
                  | but a little more powerful. [potion of mutation]
 47003 | D:4      | Fell from the grace of Okawaru
 47003 | D:4      | Became a worshipper of Zin the Law-Giver
 47003 | D:4      | Reached * piety under Zin
 47003 | D:4      | Reached ** piety under Zin
 47004 | D:4      | Donated 315 gold pieces to Zin
 47407 | Vaults:5 | Entered Level 5 of the Vaults
 47772 | Vaults:5 | Identified the +10 short sword "No More Talking" {spect,
                  | rN+}
 48124 | Vaults:5 | Reached *** piety under Zin
 48124 | Vaults:5 | Reached **** piety under Zin
 48372 | Vaults:5 | Reached ***** piety under Zin
 48448 | Vaults:5 | Found Doprugicush's Antique Armour Boutique.
 48452 | Vaults:5 | Found Wifa's Magic Scroll Boutique.
 48464 | Vaults:5 | Bought a bloodstained chain mail for 266 gold pieces
 48464 | Vaults:5 | Identified the +3 chain mail of Whack-A-Mole {rCorr Str+3}
                  | (You bought it in a shop on level 5 of the Vaults)
 48483 | Vaults:5 | Gained mutation: Your body sometimes deteriorates upon
                  | taking damage. [a shining eye]
 48543 | Vaults:5 | Found Cuereife's Antique Armour Shop.
 48601 | Vaults:5 | Reached ****** piety under Zin
 48626 | Vaults:5 | Reached XP level 24. HP: 110/176 MP: 30/30
 48825 | Vaults:5 | Found Puidacira's Magic Scroll Shop.
 48872 | Vaults:5 | Bought a scroll of teleportation for 45 gold pieces
 48872 | Vaults:5 | Bought a scroll of fog for 60 gold pieces
 48875 | Vaults:5 | Got a silver rune of Zot
 48977 | Vaults:5 | Found Daushu's Antique Weapon Emporium.
 49215 | Vaults:5 | Found Quco's Magic Scroll Shoppe.
 49219 | Vaults:5 | Bought a scroll of teleportation for 36 gold pieces
 49219 | Vaults:5 | Bought a scroll of blinking for 90 gold pieces
 49219 | Vaults:5 | Bought a scroll of teleportation for 36 gold pieces
 49566 | Vaults:5 | Found Afike Wui's Magic Scroll Shoppe.
 49566 | Vaults:5 | Found Kaihecav's Distillery.
 49571 | Vaults:5 | Bought a scroll of teleportation for 45 gold pieces
 49571 | Vaults:5 | Bought a scroll of teleportation for 45 gold pieces
 49571 | Vaults:5 | Lost mutation: Your body sometimes deteriorates upon taking
                  | damage. [potion of mutation]
 49571 | Vaults:5 | Lost mutation: You have supernaturally acute eyesight.
                  | (SInv) [potion of mutation]
 49571 | Vaults:5 | Lost mutation: Your spells are a little harder to cast, but
                  | a little more powerful. [potion of mutation]
 49579 | Vaults:5 | Bought a potion of heal wounds for 90 gold pieces
 49621 | Vaults:5 | Found Zifrodd's Distillery.
 49626 | Vaults:5 | Bought a potion of heal wounds for 95 gold pieces
 49626 | Vaults:5 | Bought a potion of curing for 57 gold pieces
 49626 | Vaults:5 | Bought a potion of curing for 57 gold pieces
 49626 | Vaults:5 | Bought a potion of curing for 57 gold pieces
 50634 | Vaults:2 | Was forgiven by Okawaru
 51631 | Crypt:1  | Entered Level 1 of the Crypt
 51944 | Crypt:1  | Found a runed translucent gate.
 51945 | Crypt:1  | Found a runed translucent gate.
 51946 | Crypt:1  | Found an opulent altar of Gozag.
 51947 | Crypt:1  | Found a runed translucent gate.
 51949 | Crypt:1  | Noticed Viul Aps's ghost (veteran FoFi)
 51953 | Crypt:1  | Found Lyceph's Assorted Antiques.
 52517 | Crypt:2  | Noticed Boris
 52530 | Crypt:1  | Killed Boris
 52792 | Crypt:2  | Noticed Xtahua
 52806 | Crypt:2  | Killed Xtahua
 52820 | Crypt:2  | Reached skill level 15 in Shields
 52896 | Crypt:2  | Noticed Bai Suzhen
 52947 | Crypt:2  | Killed Bai Suzhen
 52948 | Crypt:2  | Reached XP level 25. HP: 185/185 MP: 30/30
 53175 | Crypt:3  | Entered Level 3 of the Crypt
 53357 | Crypt:3  | Found the amulet of Vitality {RegenMP++ Regen++}
 53663 | Crypt:3  | Found a staircase to the Tomb.
 54024 | Crypt:3  | Noticed an ancient lich
 54024 | Crypt:3  | Noticed an ancient lich
 54068 | Crypt:3  | Noticed a dread lich
 54068 | Crypt:3  | Noticed an ancient lich
 54179 | Crypt:3  | Identified the +6 chain mail of Vaazuggull {rC+}
 54181 | Crypt:3  | Identified the +7 great sword of the Demagogue {freeze,
                  | rPois rC+ Will+ Str-2}
 54190 | Crypt:3  | Killed an ancient lich
 54192 | Crypt:3  | Killed a dread lich
 54203 | Crypt:3  | Killed an ancient lich
 54207 | Crypt:3  | Killed an ancient lich
 54261 | Crypt:3  | Identified the +9 short sword of Bihu {venom, +Blink Str+3
                  | Int+2}
 54693 | Depths:3 | Found a basalt altar of Yredelemnul.
 54777 | Depths:3 | Noticed a juggernaut
 54788 | Depths:3 | Killed a juggernaut
 54859 | Depths:3 | Identified the +6 trident of Watchfulness {drain, Dex+2}
 55016 | Depths:3 | Noticed a juggernaut
 55059 | Depths:3 | Killed a juggernaut
 55181 | Depths:3 | Found an ornate altar of the Wu Jian Council.
 55533 | Depths:4 | Entered Level 4 of the Depths
 55566 | Depths:4 | Reached skill level 27 in Fighting
 55726 | Depths:4 | Found Okles's Book Emporium.
 55726 | Depths:4 | Found Tuhuzas's Antique Weapon Shoppe.
 55787 | Depths:4 | Found a broken altar of Ashenzari.
 55846 | Depths:4 | Reached XP level 26. HP: 193/193 MP: 30/30
 55879 | Depths:4 | Found a gate to the Realm of Zot.
 55907 | Depths:4 | Reached skill level 10 in Evocations
 56433 | Depths:4 | Noticed Vv
 56460 | Depths:4 | Killed Vv
 56847 | Slime:1  | Entered Level 1 of the Pits of Slime
 57252 | Slime:2  | You are sucked into a shaft and drop 1 floor!
 58680 | Slime:1  | Reached skill level 15 in Dodging
 59548 | Slime:5  | Entered Level 5 of the Pits of Slime
 59585 | Slime:5  | Noticed the Royal Jelly
 59598 | Slime:5  | Killed the Royal Jelly
 59724 | Slime:5  | Identified the +2 shortbow "Capastrush" {freeze, Will+}
 59729 | Slime:5  | Identified the +10 triple sword of Feril {spect, *Rage
                  | Int+5}
 59770 | Slime:5  | Identified the ring "Coegimom" {EV+5 SInv}
 59773 | Slime:5  | Got a slimy rune of Zot
 59777 | Slime:5  | Got the Folio of the Mind
 59834 | Slime:5  | Identified the ring "Edoto" {rC+ rN+++ Str+3 Int-2 SInv}
 59859 | Slime:5  | Identified the ring "Nautas" {rPois rCorr Int+3 Slay+5}
 60811 | Zot:1    | Entered Level 1 of the Realm of Zot
 61153 | Zot:1    | You are sucked into a shaft and drop 1 floor!
 61247 | Zot:3    | Reached XP level 27. HP: 152/199 MP: 30/30
 61611 | Zot:3    | Identified the +1 scimitar of the Traitor {antimagic, rC+}
 62404 | Zot:4    | Identified the ring "Vekhal" {rElec rN+++ Will- MP+9 Dex-2}
 63335 | Zot:2    | Identified the +5 scale mail of Negation {rElec Stlth+}
 64704 | Elf:1    | Bought 2 scrolls of enchant armour for 180 gold pieces
 64704 | Elf:1    | Bought a scroll of teleportation for 36 gold pieces
 64704 | Elf:1    | Bought a scroll of teleportation for 36 gold pieces
 66071 | Shoals:3 | Bought a pair of embroidered gloves for 217 gold pieces
 66574 | Zot:5    | Entered Level 5 of the Realm of Zot
 66820 | Zot:5    | Noticed a dread lich
 66822 | Zot:5    | Noticed an ancient lich
 66847 | Zot:5    | Noticed an orb of fire
 66852 | Zot:5    | Noticed an orb of fire
 66865 | Zot:5    | Noticed an orb of fire
 66865 | Zot:5    | Noticed an orb of fire
 66869 | Zot:5    | Noticed an orb of fire
 66877 | Zot:5    | Noticed an orb of fire
 66879 | Zot:5    | Killed an orb of fire
 66883 | Zot:5    | Killed an ancient lich
 66884 | Zot:5    | Noticed an orb of fire
 66983 | Zot:5    | Reached skill level 27 in Armour
 67101 | Zot:5    | Killed an orb of fire
 67111 | Zot:5    | Killed an orb of fire
 67144 | Zot:5    | Killed a dread lich
 67164 | Zot:5    | Noticed an ancient lich
 67178 | Zot:5    | Killed an ancient lich
 67199 | Zot:5    | Noticed an ancient lich
 67206 | Zot:5    | Killed an ancient lich
 67226 | Zot:5    | Killed an orb of fire
 67294 | Zot:5    | Killed an orb of fire
 67529 | Zot:5    | Killed an orb of fire
 67798 | Zot:5    | Noticed an orb of fire
 67800 | Zot:5    | Noticed an ancient lich
 68034 | Zot:5    | Killed an orb of fire
 68114 | Zot:5    | Killed an orb of fire
 68119 | Zot:5    | Killed an ancient lich
 68399 | Zot:5    | Got the Orb of Zot
 68746 | D:10     | Noticed Maunom the pandemonium lord
 68868 | D:3      | Noticed Goleim the pandemonium lord
 68870 | D:3      | Noticed an ancient lich
 68872 | D:3      | Killed Goleim the pandemonium lord
 68883 | D:3      | Killed an ancient lich
 68928 | D:$      | Escaped with the Orb!

Illustrated notes

Levels and vault maps discovered:
D:1:      lightli_arrival_maybe_door_vault, layout_basic, serial_shops,
          nicolae_shop_tiny_waterfront, nicolae_shop_getting_attention,
          shop_fountains, shop, hellmonk_ecumenical_altar_dog_temple
D:2:      layout_basic, uniq_natasha, uniq_jessica
D:3:      layout_loops_corners
D:4:      layout_loops_ring, zin_statuary, lemuel_doored_altar,
          nicolae_ru_the_path_less_chosen
D:5:      layout_cave_pools, vehumet_statue,
          mainiacjoe_overflow_surrounded_room, minmay_temple_entry_hall,
          uniq_edmund, uniq_menkaure
D:6:      cheibrodos_quashed, layout_basic, uniq_grinder
D:7:      layout_basic, tso_oasis_becter, uniq_crazy_yiuf_cottage
D:8:      layout_cave_pools, serial_shops, shop, uniq_maggie
D:9:      layout_roguey, chequers_temple_overflow_minitemple
D:10:     layout_stronghold, enter_bailey_5, serial_shops, kennysheep_mini_moat
D:11:     layout_roguey, erik_lair_dragon, minmay_orc_entry_temple_small
D:12:     layout_cave_pools, serial_shops, nicolae_stop_n_shop_1,
          nicolae_shop_trees, nicolae_stop_n_shop_2, kennysheep_mini,
          shop_coins, uniq_azrael
D:13:     minmay_bad_star, layout_loops_corners, ebering_ghost_xom
D:14:     layout_basic, hellmonk_vaults_attempted_burglary,
          serial_park_tiny_pond
D:15:     grunt_enter_depths_snipers, layout_stronghold, serial_shops,
          nicolae_shop_tiny_waterfront, dk_noncrumbling_4, corner_web_ring,
          st_stairs_7, bh_walls_and_bars
Lair:1:   layout_loops_ring, ldierk_geyser, nicolae_lair_lil_pond,
          dreamdust_gnoll_shepherd, infiniplex_staircase_pool,
          serial_bayou_shore_a
Lair:2:   layout_loops_ring, elwin_shoals_entry_rocks, grunt_megastairs_3
Lair:3:   layout_hall_layers, spider_nest_entry_web_field,
          gammafunk_ghost_arena, roderic_batcave, grunt_megastairs_2
Lair:4:   gammafunk_mikee_crab_dinner, layout_cave_pods, basic_altar,
          nicolae_quartered_pool_impasse
Lair:5:   minmay_lair_end_enchanted_forest, layout_hall_layers, slime_entry_1,
          uniq_josephine
Shoals:1: layout_shoals, uniq_nikola
Shoals:2: layout_shoals, serial_shops, shop
Shoals:3: layout_shoals, serial_shops, shop, shop_scrolls, nicolae_shop_crystal
Shoals:4: shoals_end_grunt_garden, layout_shoals, nicolae_shoals_mertower
Spider:1: layout_cave_pods, nicolae_spider_checkerboard
Spider:2: layout_spider_delve, nicolae_spider_bzzzt
Spider:3: layout_chambers, uniq_arachne
Spider:4: hellmonk_spider_rune_bug_friends, nicolae_spider_webbed_stairs
Slime:1:  layout_caves, cheibrodos_slime_lost_civilization_5
Slime:2:  cheibrodos_slime_lost_civilization_3, layout_caves
Slime:3:  layout_caves
Slime:4:  layout_caves
Slime:5:  slime_pit_nicolae_jellycorners
Orc:1:    layout_caves, serial_shops, nicolae_shop_stone,
          einodemon_barbed_minivault, uniq_harold, uniq_erolcha
Orc:2:    st_orc_mages, layout_diamond_mine, okawaru_metal_pillars_1_2
Elf:1:    elf_arrival_002, layout_gridlike, serial_co_window_serial,
          co_window_paths_a, co_window_paths_b, co_window_paths_b,
          co_window_paths_b, co_window_of_opportunity_a, co_window_corner_a,
          co_window_cross_1, co_window_2corner, co_window_broadway_c,
          co_window_broadway_c, co_window_cross_2, co_window_of_opportunity_c,
          co_window_4corner_b, glass_columns_a, serial_shops,
          nicolae_shop_peninsula, nicolae_shop_mannequins, shop, shop
Elf:2:    nicolae_elf_blades_crystal_corner, layout_loops_corners, serial_shops,
          shop, infiniplex_enter_wizlab_spiral
Elf:3:    minmay_elf_hall_dome, layout_geoelf_octagon, uniq_donald, uniq_aizul
Vaults:1: nicolae_vaults_more_shelving_2, nicolae_vaults_ring_of_whatevers,
          hangedman_vaults_snaps, ontoclasm_vaults_tryst,
          hangedman_vaults_pinch, ontoclasm_vaults_eye, vaults_mumra_hexcomb,
          nicolae_vaults_little_squares_4, nicolae_vaults_statue_guard,
          nicolae_vaults_closet_pinwheel_1, hangedman_vaults_corner_blocks,
          vaults_dpeg_emergency_exit, layout_vaults_omnigrid, serial_shops,
          statue_bzr, uniq_saint_roka
Vaults:2: grunt_vaults_focal, vaults_mumra_chevron_long, vaults_dpeg_doors,
          nicolae_vaults_closet_pinwheel_3, nicolae_vaults_circle_grid_b,
          vaults_standard_mumra_lines, nicolae_vaults_wine_cellar,
          nicolae_vaults_turnstiles, vaults_mumra_lcd, st_diamondy,
          minmay_crypt_entry_simple_statues, hangedman_vaults_stream,
          serial_library_hellmonk_open_cross, layout_vaults_maze_bifur
Vaults:3: nicolae_vaults_windows_and_doors_thing, nicolae_vaults_tetromino_L_2,
          nicolae_vaults_closet_pinwheel_5, nicolae_vaults_stepped_doors,
          vaults_standard_mumra_enter_the_diamond, nicolae_vaults_tetromino_Z_2,
          nicolae_vaults_stairing_the_circle, nicolae_vaults_sesquioval_fish,
          vaults_dpeg_ring, layout_vaults_big_room
Vaults:4: v_rooms_6, nicolae_vaults_meiosis, nicolae_vaults_surprise_closet,
          hangedman_vaults_corner, nicolae_vaults_closet_pinwheel_2,
          vaults_room_corners, vaults_mumra_chevron, nicolae_vaults_asterisk,
          v_misc_13, nicolae_vaults_quadrants, ontoclasm_vaults_loading_screen,
          vaults_dpeg_encased_lava, layout_vaults_ring, serial_shops,
          bzr_entry_dummy, nicolae_lakefront_shop, nicolae_shop_stone
Vaults:5: uniq_margery
Crypt:1:  layout_chaotic_city, ebering_ghost_gozag, nicolae_crypt_ex-fountain
Crypt:2:  layout_rooms, uniq_boris, uniq_bai_suzhen, uniq_xtahua
Crypt:3:  david_glass_crypt, layout_chaotic_city, tomb_entry_forgotten_bobbens,
          grunt_megastairs_4, uniq_josephina
Depths:1: layout_honeycomb, serial_shops, shop, nicolae_shop_advertising_works
          [nicolae_subvault_shop_adworks], nicolae_shop_crystal, shop,
          nicolae_qazlal_general_emergency, hell_entry, moated_statue,
          kennysheep_underground_church
Depths:2: nicolae_cairo_tiling_very_big, layout_gridville, enter_ziggurat_d,
          grunt_pan_entry_spiral, minmay_misc_feat_chi,
          nicolae_abyss_entry_one_way_or_another, hangedman_coc_ice_floe,
          fedhas_altar_4
Depths:3: grunt_profane_halls [grunt_profane_loot, grunt_profane_temple_coc,
          grunt_profane_temple_tar, grunt_profane_temple_dis,
          grunt_profane_temple_geh], hell_entry, abyss_entry
Depths:4: evilmike_zot_entry_round, layout_basic, hell_entry, abyss_entry,
          minmay_misc_feat_five, ashenzari_altar_1, minmay_shoptagon, uniq_vv
Zot:1:    layout_onion_interference, regret_index_zotdec_obsidian_hm
Zot:2:    hangedman_zot_vaults_quadrants, layout_concentric_octagons,
          grunt_ministairs_5
Zot:3:    layout_gridlike, skrybe_zot_glass_3, regret_index_zotdec_banners
Zot:4:    layout_basic, st_large_dragon_hoard_1
Zot:5:    layout_gridlike

Skill      XL: |  1  2  3  4  5  6  7  8  9 10 11 12 13 14 15 16 17 18 19 20 21 22 23 24 25 26 27 |
---------------+----------------------------------------------------------------------------------+-----
Axes           | 2 3 4 5 6 7 9 11 12 14 15 16 17 18 | 18.0
Fighting       | 4 5 6 7 8 10 11 14 15 17 18 19 20 21 22 23 24 25 26 27 | 27.0
Dodging        | 1 2 3 4 6 8 10 11 13 14 16 17 | 17.9
Throwing       | 2 |  2.0
Armour         | 4 5 6 7 10 12 13 14 16 17 18 20 21 22 23 24 27 | 27.0
Shields        | 4 5 6 7 10 12 14 15 16 18 | 18.9
Invocations    | 2 4 6 8 9 10 | 10.0
Stealth        | 2 |  2.0
Evocations     | 2 3 4 5 6 7 9 13 14 | 14.0

Action                     |  1- 3 |  4- 6 |  7- 9 | 10-12 | 13-15 | 16-18 | 19-21 | 22-24 | 25-27 || total
---------------------------+-------+-------+-------+-------+-------+-------+-------+-------+-------++-------
  Melee: War axe           |    87 |   187 |   275 |   672 |  1246 |   491 |       |       |       ||  2958
         Morningstar       |       |       |       |       |    15 |       |       |       |       ||    15
         Demon whip        |       |       |       |       |    13 |    11 |       |       |       ||    24
         Labrys            |       |       |       |       |       |   843 |  1581 |  2025 |  2508 ||  6957
  Throw: Boomerang         |       |       |     7 |     1 |       |       |       |       |       ||     8
 Invoke: Heroism           |       |       |     1 |     6 |     5 |     1 |     5 |     5 |       ||    23
         Finesse           |       |       |       |     1 |       |       |       |     1 |       ||     2
         Receive Weapon    |       |       |       |       |     1 |       |       |       |       ||     1
         Receive Armour    |       |       |       |       |     1 |       |       |       |       ||     1
         Recite            |       |       |       |       |       |       |       |     4 |     1 ||     5
         Donate Gold       |       |       |       |       |       |       |       |     1 |       ||     1
  Evoke: Wand              |       |       |       |     8 |     2 |       |       |     5 |     2 ||    17
         Lightning rod     |       |       |       |       |       |       |       |     3 |     2 ||     5
         Tin of tremorston |       |       |       |       |       |       |       |     2 |     3 ||     5
    Use: Scroll            |       |    12 |     4 |     8 |    12 |    10 |     1 |     6 |    13 ||    66
         Potion            |       |       |       |     5 |     3 |     1 |       |    12 |     2 ||    23
   Stab: Invisible         |       |       |       |     2 |       |       |       |     8 |       ||    10
         Petrified         |       |       |       |       |     3 |       |       |       |       ||     3
         Distracted        |       |       |       |       |       |       |       |       |     1 ||     1
 Armour: Scale mail        |    63 |   121 |   229 |    93 |       |       |       |       |       ||   506
         Chain mail        |       |       |       |   130 |       |       |       |       |       ||   130
         Plate armour      |       |       |       |   486 |  1478 |  1554 |  1072 |  1587 |  1279 ||  7456
         Gold dragon scale |       |       |       |       |       |       |       |       |   449 ||   449
  Dodge: Dodged            |    45 |    71 |    93 |   209 |   570 |   522 |   377 |   530 |   681 ||  3098
  Block: Buckler           |     9 |    63 |   145 |   185 |   314 |   541 |   173 |       |       ||  1430
         Reflection        |       |     1 |     2 |     1 |       |    49 |     6 |       |       ||    59
         Kite shield       |       |       |       |       |       |       |   772 |  1348 |  1676 ||  3796

Table legend: (Time is in decaauts)
 A = Elapsed time spent in this place.
 B = Non-inter-level travel time spent in this place.
 C = Inter-level travel time spent in this place.
 D = Time resting spent in this place.
 E = Time spent auto-exploring this place.
 F = Levels seen in this place.
 G = Mean time per level.
                   A        B        C        D        E       F      G
               +--------+--------+--------+--------+--------+-----+--------+
         Total |  67202 |  54915 |  12287 |   4567 |  34581 |  58 | 1158.7 |
       Dungeon |  19569 |  13901 |   5668 |   1209 |   9370 |  15 | 1304.6 |
          Lair |   6528 |   5020 |   1508 |    411 |   3172 |   5 | 1305.6 |
        Shoals |   4246 |   3906 |    340 |    468 |   2470 |   4 | 1061.5 |
   Spider Nest |   4846 |   4454 |    392 |    420 |   2895 |   4 | 1211.5 |
    Slime Pits |   2961 |   2634 |    327 |     34 |   1914 |   5 |  592.2 |
  Orcish Mines |   2114 |   1769 |    345 |     39 |   1023 |   2 | 1057.0 |
   Elven Halls |   3749 |   3230 |    519 |    306 |   2000 |   3 | 1249.7 |
        Vaults |   8428 |   7023 |   1405 |    604 |   4110 |   5 | 1685.6 |
         Crypt |   2566 |   2442 |    124 |    302 |   1331 |   3 |  855.3 |
        Depths |   5337 |   4283 |   1054 |    257 |   2740 |   4 | 1334.2 |
           Zot |   5750 |   5149 |    601 |    361 |   3122 |   5 | 1150.0 |
        Bazaar |     92 |     92 |      0 |      0 |     46 |   1 |   92.0 |
        Bailey |    421 |    421 |      0 |     28 |    183 |   1 |  421.0 |
        Wizlab |    587 |    587 |      0 |    127 |    204 |   1 |  587.0 |
               +--------+--------+--------+--------+--------+-----+--------+

Top non-repeatable levels by time:
    D:11: 2806 daAuts
Vaults:5: 2041 daAuts
Vaults:1: 2040 daAuts
  Lair:4: 1958 daAuts
Vaults:2: 1651 daAuts
   Zot:2: 1650 daAuts
     D:6: 1648 daAuts
Depths:4: 1505 daAuts
   Zot:5: 1499 daAuts
Spider:3: 1469 daAuts
    D:15: 1445 daAuts
Shoals:4: 1442 daAuts
     D:7: 1426 daAuts
Depths:3: 1424 daAuts
Vaults:4: 1423 daAuts
